[Event "African Championship (W)"]
[Site "followchess.com"]
[Date "2021.05.27"]
[Round "9"]
[White "Moaataz, Ayah"]
[Black "February, Jesse Nikki"]
[Result "1/2-1/2"]
[WhiteElo "2028"]
[BlackElo "1824"]
[ECO "A15"]
[WhiteFed "EGY"]
[BlackFed "RSA"]
[FCGameId "1817044378"]
[WhiteFideId "10615873"]
[BlackFideId "14312336"]
[TimeControl "7200+30"]

1. c4 Nf6 2. g3 c6 3. Bg2 d5 4. Nf3 g6 5. O-O Bg7 6. d3 dxc4 7. dxc4 Qxd1 8. Rxd1 O-O 9. Nc3 Be6 10. c5 Na6 11. Be3 Nd5 12. Bd4 Bxd4 13. Nxd4 Nxc3 14. bxc3 Nxc5 15. Nxe6 fxe6 16. Rd4 Rad8 17. Rb1 Rd6 18. Rc4 b6 19. Bf3 Rfd8 20. Kg2 Rd2 21. Ra1 e5 22. a4 e4 23. Bxe4 Rxe2 24. Bxc6 Rdd2 25. Rf1 Nd3 26. Bb5 Rxf2+ 27. Rxf2 Nxf2 28. Rc8+ Kg7 29. Kf3 Nd1 30. Rc7 Kf6 31. Be2 a5 32. Rc6+ Kf5 33. h4 h5 34. Rxb6 Nxc3 35. Ba6 Rd6 36. Bc8+ Kf6 37. Rb3 Nxa4 38. Rb5 Nb6 39. Bb7 a4 40. Ra5 e5 41. Be4 Nc4 42. Rxa4 Nd2+ 43. Ke3 Nxe4 44. Kxe4 Rd4+ 45. Rxd4 exd4 46. Kxd4 Kf5 47. Ke3 Kg4 48. Kf2 Kh3 49. Kf3 Kh2 50. Kf2 Kh3 1/2-1/2

[Event "African Championship (W)"]
[Site "followchess.com"]
[Date "2021.05.27"]
[Round "9"]
[White "Nassr, Lina"]
[Black "Marape, Naledi"]
[Result "1/2-1/2"]
[WhiteElo "1960"]
[BlackElo "1717"]
[ECO "D05"]
[WhiteFed "ALG"]
[BlackFed "BOT"]
[FCGameId "-1790294714"]
[WhiteFideId "7908075"]
[BlackFideId "11310880"]
[TimeControl "7200+30"]

1. d4 d5 2. Nf3 Nf6 3. e3 e6 4. Bd3 c5 5. b3 Nc6 6. Bb2 Bd6 7. dxc5 Bxc5 8. O-O Qc7 9. Nbd2 e5 10. e4 d4 11. c3 Bg4 12. Qc2 dxc3 13. Bxc3 O-O 14. b4 Bd6 15. Qb2 Rfd8 16. b5 Nd4 17. Bxd4 exd4 18. h3 Bxf3 19. Nxf3 Bf4 20. g3 Bh6 21. Rad1 Qc3 22. Qe2 Nd7 23. Nh2 Nc5 24. Ng4 Bg5 25. f4 Be7 26. Ne5 Nxd3 27. Rxd3 Qc5 28. Qb2 Qb6 29. Kg2 Rac8 30. Rfd1 Bc5 31. a4 Qe6 32. Re1 f6 33. Nf3 Qc4 34. Qb3 Qxb3 35. Rxb3 Bb6 36. Rd3 1/2-1/2

[Event "African Championship (W)"]
[Site "followchess.com"]
[Date "2021.05.27"]
[Round "9"]
[White "Charinda, Kudzanayi"]
[Black "Wafa, Shahenda"]
[Result "1/2-1/2"]
[WhiteElo "1702"]
[BlackElo "2145"]
[ECO "B34"]
[WhiteFed "ZIM"]
[BlackFed "EGY"]
[FCGameId "-319263269"]
[WhiteFideId "11000538"]
[BlackFideId "10609962"]
[TimeControl "7200+30"]

1. e4 c5 2. Nf3 Nc6 3. d4 cxd4 4. Nxd4 g6 5. Be3 Bg7 6. Nc3 Nf6 7. Be2 O-O 8. Qd2 d5 9. Nxc6 bxc6 10. exd5 cxd5 11. O-O e6 12. f4 Bd7 13. Rab1 Bc6 14. Bf3 Qc7 15. Ne2 Ne4 16. Bxe4 dxe4 17. Nd4 Rfd8 18. Qc3 Rac8 19. Rbd1 Bd5 20. Qxc7 Rxc7 21. c3 Bxd4 22. Rxd4 Rb8 23. Bc1 f5 24. a3 Kf7 25. Rfd1 Ke7 26. Kf2 Bc4 27. Ke3 Bd3 28. h4 h6 29. g3 Rc5 30. Rd2 e5 31. fxe5 Rxe5 32. b4 Rc8 33. Bb2 Re6 34. Rf2 Rd6 35. Rxd6 Kxd6 36. Rd2 Ke6 37. Rf2 Rg8 38. Bc1 h5 39. Kf4 Rc8 40. Bd2 Kd5 41. a4 Kc4 42. a5 a6 43. Ke3 Rd8 44. Be1 Kb3 45. Rg2 Kc4 46. Rf2 Kd5 47. Bd2 Ke5 48. Bc1 Rc8 49. Bd2 Bc4 50. Be1 Rg8 51. Rd2 Bd3 52. Rh2 Kf6 53. Kf4 Re8 54. Bf2 Ke6 55. Bd4 Kd5 56. Ke3 Rg8 57. Kf4 Kc4 58. Rf2 Bb1 59. Rb2 Bd3 60. Rf2 1/2-1/2

[Event "African Championship (W)"]
[Site "followchess.com"]
[Date "2021.05.27"]
[Round "9"]
[White "Mwango , Lorita"]
[Black "Shriyan santosh Priyasha"]
[Result "1-0"]
[WhiteElo "1912"]
[BlackElo "1285"]
[ECO "A40"]
[WhiteFed "ZAM"]
[BlackFed "MAW"]
[FCGameId "882231151"]
[WhiteFideId "8700478"]
[BlackFideId "20505353"]
[TimeControl "7200+30"]

1. d4 g6 2. Nf3 Bg7 3. e3 Nf6 4. Be2 O-O 5. O-O d6 6. b3 Nbd7 7. Bb2 b6 8. c4 Bb7 9. Nbd2 Re8 10. Qc2 e5 11. dxe5 dxe5 12. Rad1 Qe7 13. Nb1 e4 14. Nd4 a6 15. Qc1 h5 16. Nc3 Nf8 17. a3 N8h7 18. b4 h4 19. Nb3 h3 20. g3 Ng5 21. Nd5 Bxd5 22. Bxf6 Qxf6 23. Rxd5 Nf3+ 24. Kh1 Rad8 25. Nd2 Ng5 26. f4 exf3 27. Nxf3 Nxf3 28. Bxf3 Qe7 29. e4 c6 30. Rxd8 Rxd8 31. Rd1 Bd4 32. Qc2 Qg5 33. Qd2 Qf6 34. Qf4 Qe7 35. Qd2 Qf6 36. Bg4 Rd6 37. Qe2 Qe5 38. Bxh3 Rf6 39. Rf1 Rxf1+ 40. Bxf1 Bb2 41. a4 Ba3 42. b5 cxb5 43. cxb5 axb5 44. axb5 Bc5 45. Kg2 Kg7 46. Qf3 Qb2+ 47. Be2 Qe5 48. Bc4 f6 49. Qe2 g5 50. Kf3 Qc3+ 51. Kg4 Qe5 52. Qf3 Qd4 53. Bd5 Qg1 54. e5 Qd4+ 55. Qe4 Qd1+ 56. Kf5 Qf1+ 57. Ke6 Qf2 58. Qf5 Qxf5+ 59. Kxf5 Bd4 60. e6 Kf8 61. h4 gxh4 62. gxh4 Ke7 63. h5 Be3 64. Kg6 1-0

[Event "African Championship (W)"]
[Site "followchess.com"]
[Date "2021.05.27"]
[Round "9"]
[White "Ogbiyoyo, Perpetual Eloho"]
[Black "Mongeli, Sasha"]
[Result "0-1"]
[WhiteElo "1880"]
[BlackElo "1553"]
[ECO "B12"]
[WhiteFed "NGR"]
[BlackFed "KEN"]
[FCGameId "1963918062"]
[WhiteFideId "8509050"]
[BlackFideId "10809090"]
[TimeControl "7200+30"]

1. e4 c6 2. d4 d5 3. f3 dxe4 4. fxe4 e5 5. Nf3 Bg4 6. Bc4 Nd7 7. O-O Ngf6 8. Bg5 Bd6 9. Qe2 O-O 10. Nbd2 exd4 11. h3 Bxf3 12. Nxf3 Ne5 13. 
Bb3 d3 14. cxd3 Bc5+ 15. Kh1 Qxd3 16. Qxd3 Nxd3 
17. e5 Nd5 18. Kh2 Rae8 19. Rad1 Nxe5 20. Bxd5 cxd5 
21. Rxd5 Nxf3+ 22. Rxf3 b6 23. Rd7 f6 24. Bd2 Rf7 25. Rfd3 Rxd7 26. Rxd7 Re7 27. Rxe7 Bxe7 28. Kg3 Kf7 29. Kf4 Ke6 30. g4 g6 31. b3 Kd5 32. Be3 Bf8 33. Kf3 Bc5 34. Bc1 Ke5 35. Bb2+ Bd4 36. Bc1 Kd5 37. h4 Bc3 38. Be3 Bd4 39. Bc1 b5 40. Bd2 Be5 41. Be3 Bd4 42. Bd2 Bb6 43. Bc3 Bd8 44. h5 a5 45. Bb2 a4 46. Bc3 Be7 47. Bb2 Ke6 48. Ke4 Bd6 49. Bc1 Be5 50. Bd2 gxh5 51. gxh5 f5+ 52. Kf3 Kd5 53. Be3 Bd4 54. Bd2 Bg7 55. Be3 Ke5 56. Bc1 Bf6 57. Bb2+ Ke6 58. 
Bc1 Bg7 59. Bd2 Kd5 60. Be3 Bf8 61. Bf2 Bh6 62. Ba7 Ke5 63. Bf2 Kf6 64. Bh4+ Bg5 65. Bf2 Kg7 66. bxa4 bxa4 67. Ke2 Kh6 68. Kd3 Kxh5 69. Kc4 a3 70. Bc5 Bc1 71. Kd3 Kg4 72. Ke2 Kg3 73. Kf1 Kf3 74. Bg1 Be3 75. Bh2 f4 0-1

[Event "African Championship (W)"]
[Site "followchess.com"]
[Date "2021.05.27"]
[Round "9"]
[White "Badenhorst, Chloe"]
[Black "Nakabo, Peninah"]
[Result "1/2-1/2"]
[WhiteElo "1316"]
[BlackElo "1730"]
[ECO "B12"]
[WhiteFed "RSA"]
[BlackFed "UGA"]
[FCGameId "156105272"]
[WhiteFideId "14339463"]
[BlackFideId "10004556"]
[TimeControl "7200+30"]

1. e4 c6 2. d4 d5 3. e5 Bf5 4. Nf3 e6 5. Be2 Ne7 6. O-O Nd7 7. Nbd2 c5 8. c4 Nc6 9. cxd5 exd5 10. dxc5 Bxc5 11. Nb3 Be6 12. Nbd4 Ndxe5 13. Nxe5 Nxd4 14. Be3 Nxe2+ 15. Qxe2 Qb6 16. Bxc5 Qxc5 17. Rfe1 O-O 18. Nd3 Qb6 19. Nf4 Rac8 20. Rad1 Rfd8 21. Nxd5 Qc5 22. b4 Qf8 23. Nf4 Rd6 24. Rd2 Rxd2 25. 
Rd1 Rxd1+ 1/2-1/2

[Event "African Championship (W)"]
[Site "followchess.com"]
[Date "2021.05.26"]
[Round "8"]
[White "February, Jesse Nikki"]
[Black "Mwango , Lorita"]
[Result "1-0"]
[WhiteElo "1824"]
[BlackElo "1912"]
[ECO "B17"]
[WhiteFed "RSA"]
[BlackFed "ZAM"]
[FCGameId "1971193270"]
[WhiteFideId "14312336"]
[BlackFideId "8700478"]
[TimeControl "7200+30"]

1. e4 c6 2. d4 d5 3. Nc3 dxe4 4. Nxe4 Nd7 5. Nf3 Ngf6 6. Nxf6+ Nxf6 7. c3 Bg4 8. h3 Bh5 9. g4 Bg6 10. Ne5 Nd7 11. Nxg6 hxg6 12. Bg2 e6 13. Bf4 Be7 14. Qe2 Qa5 15. O-O O-O 16. a4 Qd8 17. b4 Rc8 18. b5 b6 19. bxc6 Nf6 20. c7 Rxc7 21. Bxc7 Qxc7 22. Rfc1 Rd8 23. Qb5 Qf4 24. Qe5 Nd5 25. Qxf4 Nxf4 26. Kf1 Bd6 27. a5 Bc7 28. axb6 Bxb6 29. Rd1 g5 30. Rac1 g6 31. c4 Bxd4 32. c5 Nxg2 33. Kxg2 e5 34. Kf3 Rc8 35. c6 Kf8 36. Ke4 Ke7 37. Rc4 Kd6 38. Rdc1 Rc7 39. f3 Ke6 40. Rb1 f5+ 41. Kd3 Bb6 42. Rb2 Kd6 43. gxf5 gxf5 44. Rg2 Rg7 45. h4 Bd8 46. hxg5 Kd5 47. g6 Bc7 48. Rg5 Ke6 49. Rh4 Bd8 50. Rh7 Rg8 51. Rg2 Kd6 52. g7 Bf6 53. Rg6 Ke7 54. c7 Kf7 55. Rxf6+ Kxf6 56. Rh8 Rxh8 1-0

[Event "African Championship (W)"]
[Site "followchess.com"]
[Date "2021.05.26"]
[Round "8"]
[White "Moaataz, Ayah"]
[Black "Nakabo, Peninah"]
[Result "1-0"]
[WhiteElo "2028"]
[BlackElo "1730"]
[ECO "A37"]
[WhiteFed "EGY"]
[BlackFed "UGA"]
[FCGameId "1121937845"]
[WhiteFideId "10615873"]
[BlackFideId "10004556"]
[TimeControl "7200+30"]

1. c4 c5 2. g3 g6 3. Bg2 Nc6 4. Nc3 Bg7 5. Nf3 e5 6. d3 Nge7 7. O-O O-O 8. a3 d6 9. Rb1 Be6 10. b4 cxb4 11. axb4 a6 12. e4 Qd7 13. Nd5 Nc8 14. Bh6 Bh3 15. Nf6+ Bxf6 16. Bxf8 Kxf8 17. Qd2 Bxg2 18. Kxg2 Nd8 19. Ra1 Ne6 20. h3 b5 21. cxb5 Qxb5 22. Ra5 Qb7 23. Rfa1 Nc7 24. h4 d5 25. h5 dxe4 26. dxe4 Qxe4 27. Re1 Qb7 28. Qh6+ Kg8 29. hxg6 fxg6 30. Qd2 Nb5 31. Re3 Ncd6 32. Qa2+ Qf7 33. Qxf7+ Kxf7 34. Nxe5+ Bxe5 35. Rxe5 Kf6 36. Rc5 Nd4 37. Ra2 N6b5 38. g4 Ke6 39. Rc1 Kd6 40. Rca1 Kd5 41. Rxa6 Re8 42. Rh1 Re7 43. Ra8 Ne6 44. Rc1 Kd4 45. Kg3 Nc3 46. Rca1 Ne2+ 47. Kg2 N2f4+ 48. Kh2 Nd3 49. Kg3 Rf7 50. R1a7 Rf6 51. Rd7+ Kc3 52. Ra3+ Kxb4 53. Raxd3 Nc5 54. R7d4+ Kb5 55. Rd1 h5 56. gxh5 gxh5 57. Rh1 Rg6+ 58. Kf3 Rg5 59. Rdh4 Rf5+ 60. Ke2 Re5+ 61. Kf1 Re8 62. Rxh5 Kc4 63. R1h4+ Kb5 64. Rd4 Rc8 65. f4 Kc6 66. Rh6+ Kb5 67. Kf2 Ra8 68. Kf3 Rf8 69. Rh5 Rg8 70. Rdd5 Rc8 71. Kg4 Kc4 72. 
Rxc5+ Rxc5 73. Rxc5+ Kxc5 74. Kg5 Kd6 75. Kf6 Kd7 76. f5 Ke8 77. Kg7 1-0

[Event "African Championship (W)"]
[Site "followchess.com"]
[Date "2021.05.26"]
[Round "8"]
[White "Wafa, Shahenda"]
[Black "Badenhorst, Chloe"]
[Result "1-0"]
[WhiteElo "2145"]
[BlackElo "1316"]
[ECO "B33"]
[WhiteFed "EGY"]
[BlackFed "RSA"]
[FCGameId "1482541803"]
[WhiteFideId "10609962"]
[BlackFideId "14339463"]
[TimeControl "7200+30"]

1. e4 c5 2. Nf3 Nc6 3. d4 cxd4 4. Nxd4 Nf6 5. Nc3 e5 6. Ndb5 d6 7. Nd5 Nxd5 8. exd5 Nb8 9. c4 Be7 10. Bd3 O-O 11. O-O f5 12. f3 Nd7 13. Be3 a6 14. Nc3 Bg5 15. Bf2 Qf6 16. Na4 Qh6 17. Qc2 g6 18. c5 dxc5 19. Nxc5 Nxc5 20. Qxc5 Qg7 21. Rfe1 Bf6 22. Rac1 b5 23. Qb6 Qb7 24. Red1 Bg5 25. Rc3 Rb8 26. Qd6 Be7 27. Qxe5 Bf6 28. Qe1 Bxc3 29. Qxc3 Qg7 30. Bd4 Qf7 31. Be5 Bd7 32. Bxb8 Rxb8 33. Bc2 Rc8 34. Qd2 Qf6 35. Bb3 Qd6 36. Re1 b4 37. Qd4 a5 38. Bc4 Rc7 39. b3 Rc8 40. Qa7 a4 41. Qd4 axb3 42. axb3 Ra8 43. Re7 Qxe7 44. d6+ Qf7 45. Bxf7+ Kxf7 46. Qd5+ 1-0

[Event "African Championship (W)"]
[Site "followchess.com"]
[Date "2021.05.26"]
[Round "8"]
[White "Marochkina, Nadezhda Valerevna"]
[Black "Charinda, Kudzanayi"]
[Result "0-1"]
[WhiteElo "1639"]
[BlackElo "1702"]
[ECO "E10"]
[WhiteFed "SEN"]
[BlackFed "ZIM"]
[FCGameId "155940159"]
[WhiteFideId "19900490"]
[BlackFideId "11000538"]
[TimeControl "7200+30"]

1. d4 Nf6 2. c4 e6 3. Nf3 c5 4. e3 Be7 5. Bd3 cxd4 6. Nxd4 d6 7. Nd2 Bd7 8. O-O Nc6 9. N2f3 O-O 10. b3 Re8 11. Ba3 e5 12. Nxc6 Bxc6 13. Be2 Qc7 14. Nd2 Rad8 15. Qc2 d5 16. Bxe7 Qxe7 17. cxd5 Nxd5 18. Nc4 Qg5 19. Bf3 b5 20. Nxe5 Nb4 21. Qc3 Qxe5 22. Qxb4 Bxf3 23. gxf3 Re6 24. Qh4 Rdd6 25. Rad1 Rg6+ 26. Kh1 h6 27. a4 Rdf6 28. Qe4 Qh5 29. f4 bxa4 30. bxa4 Ra6 31. Rd4 Qh3 32. Ra1 Ra5 33. Rd5 Rxa4 0-1

[Event "African Championship (W)"]
[Site "followchess.com"]
[Date "2021.05.26"]
[Round "8"]
[White "Ndirangu, Joyce Nyaruai"]
[Black "Ogbiyoyo, Perpetual Eloho"]
[Result "0-1"]
[WhiteElo "1659"]
[BlackElo "1880"]
[ECO "A45"]
[WhiteFed "KEN"]
[BlackFed "NGR"]
[FCGameId "910430671"]
[WhiteFideId "10802886"]
[BlackFideId "8509050"]
[TimeControl "7200+30"]

1. d4 Nf6 2. Bf4 c5 3. e3 Nd5 4. Bg3 Qb6 5. b3 cxd4 6. exd4 Nc6 7. c3 d6 8. Bc4 Nf6 9. Nd2 d5 10. Bd3 Bg4 11. Ne2 e6 12. O-O Be7 13. Qe1 O-O 14. h3 Bh5 15. Nf4 Bg6 16. Nf3 Be4 17. Qe3 Rfe8 18. Ng5 e5 19. dxe5 Bc5 20. Qd2 Rxe5 21. Nxe4 dxe4 22. b4 Bxb4 23. cxb4 exd3 24. Nxd3 Rd5 25. Qc2 Nxb4 26. Nxb4 Qxb4 27. Rab1 Qe7 28. Qb3 b6 29. Rfe1 Qd7 30. Qa3 Rd3 31. Qa6 Re8 32. Rec1 Qd4 33. Kh2 h5 34. Rc4 Qd5 35. Rbc1 Re7 36. Bc7 Ne4 37. Bg3 Nxg3 38. fxg3 Ree3 39. Qc8+ Kh7 40. Rf4 Rxg3 41. Qf5+ Qxf5 42. Rxf5 Kg6 43. Rf2 Ra3 44. Rc7 f6 45. Rd2 Rgc3 46. Rb7 h4 47. Rdd7 Rxa2 48. Rxg7+ Kf5 49. Rg4 Rcc2 50. 
Rh7 a5 51. Rhxh4 Rf2 52. Rh5+ Ke6 53. Rb5 Rab2 54. Rh5 b5 55. Rh8 b4 56. Ra8 Ra2 57. Rb8 Ra3 58. h4 Kf5 59. Rg7 b3 60. h5 Rf1 61. h6 Raa1 62. h7 
Rh1+ 63. Kg3 b2 0-1

[Event "African Championship (W)"]
[Site "followchess.com"]
[Date "2021.05.25"]
[Round "7"]
[White "Nassr, Lina"]
[Black "Mwango , Lorita"]
[Result "1-0"]
[WhiteElo "1960"]
[BlackElo "1912"]
[ECO "B10"]
[WhiteFed "ALG"]
[BlackFed "ZAM"]
[FCGameId "1091891756"]
[WhiteFideId "7908075"]
[BlackFideId "8700478"]
[TimeControl "7200+30"]

1. e4 c6 2. c4 d5 3. exd5 cxd5 4. cxd5 Qxd5 5. Nc3 Qd8 6. Bc4 e6 7. Nf3 Nf6 8. d4 Bb4 9. O-O O-O 10. a3 Bd6 11. Re1 a6 12. Qd3 b5 13. Ba2 Bb7 14. Bg5 Be7 15. Rad1 Ra7 16. Ne5 Bd5 17. Nxd5 Nxd5 18. Bb1 g6 19. Bh6 Re8 20. Qg3 Bf6 21. Be4 Bg7 22. Bxg7 Kxg7 23. h4 Nf6 24. Bf3 h5 25. Qf4 Nd5 26. Qd2 Rc7 27. g3 Nc6 28. Rc1 Nce7 29. Nd3 Qd6 30. Nc5 Rec8 31. Qg5 Rh8 32. Ne4 Qd8 33. Qe5+ Kh6 34. Rxc7 Nxc7 35. Bxh5 Ned5 36. Bf3 f6 37. Qd6 Qxd6 38. Nxd6 Rh7 39. Ne4 Rd7 40. Nc5 Rd6 41. Bxd5 exd5 42. Re7 Rc6 43. Rd7 g5 44. Kg2 Kg6 45. Kf3 a5 46. hxg5 fxg5 47. Nd3 Kf5 48. Ne5 Rc2 49. Rd6 Ne6 50. Rxd5 Nxd4+ 51. Ke3 Ke6 52. Kxd4 Rd2+ 53. Nd3 Rxd3+ 54. Kxd3 Kxd5 55. f4 gxf4 56. gxf4 Kc5 57. b3 a4 58. bxa4 bxa4 59. Kc3 Kd5 60. Kb4 Ke4 61. Kxa4 Kxf4 62. Kb5 Ke5 63. Kc6 Ke6 64. a4 Ke7 65. Kd5 1-0

[Event "African Championship (W)"]
[Site "followchess.com"]
[Date "2021.05.25"]
[Round "7"]
[White "Charinda, Kudzanayi"]
[Black "February, Jesse Nikki"]
[Result "0-1"]
[WhiteElo "1702"]
[BlackElo "1824"]
[ECO "B90"]
[WhiteFed "ZIM"]
[BlackFed "RSA"]
[FCGameId "438953737"]
[WhiteFideId "11000538"]
[BlackFideId "14312336"]
[TimeControl "7200+30"]

1. e4 c5 2. Nf3 d6 3. d4 cxd4 4. Nxd4 Nf6 5. Nc3 a6 6. Be3 e6 7. Bd3 Be7 8. O-O b5 9. f4 Bb7 10. e5 Nd5 11. Nxd5 Bxd5 12. Qg4 g6 13. Rad1 Nd7 14. exd6 Bxd6 15. b3 Rc8 16. c4 bxc4 17. bxc4 Bxc4 18. Bxc4 Rxc4 19. Nxe6 Qe7 20. Bd4 Be5 21. Ng7+ Bxg7 22. Bxg7 f5 23. Rde1 fxg4 24. Rxe7+ Kxe7 25. Bxh8 Rc2 26. Rf2 Rc8 27. Bd4 Ke6 28. g3 Kd5 29. Bg7 Ke4 30. Kg2 Nb6 31. Re2+ Kd3 32. Re6 Rc2+ 33. Kg1 Nd5 34. Rd6 Ke4 35. Rxa6 Ne3 36. Rb6 Kf3 37. Rb1 Rg2+ 38. Kh1 Rxa2 39. Bd4 Re2 40. Bxe3 Kxe3 41. Kg1 Kf3 42. Rb3+ Re3 43. Rxe3+ Kxe3 44. Kg2 Ke2 45. h3 h5 46. Kh1 Kf3 47. hxg4 hxg4 48. Kh2 Kf2 49. Kh1 Kxg3 50. Kg1 Kxf4 51. Kf2 g3+ 52. Kg2 Kg4 53. Kg1 Kh3 54. Kh1 g2+ 55. Kg1 g5 0-1

[Event "African Championship (W)"]
[Site "followchess.com"]
[Date "2021.05.25"]
[Round "7"]
[White "Ndirangu, Joyce Nyaruai"]
[Black "Moaataz, Ayah"]
[Result "0-1"]
[WhiteElo "1659"]
[BlackElo "2028"]
[ECO "D00"]
[WhiteFed "KEN"]
[BlackFed "EGY"]
[FCGameId "1807454606"]
[WhiteFideId "10802886"]
[BlackFideId "10615873"]
[TimeControl "7200+30"]

1. d4 d5 2. Bf4 c5 3. e3 Nc6 4. c3 Nf6 5. Bd3 Qb6 6. Qc1 Bg4 7. Nd2 Rc8 8. Ngf3 cxd4 9. exd4 Nb4 10. Be2 Bf5 11. O-O Bd3 12. Qd1 Qa6 13. Bxd3 Nxd3 14. Bg3 Nxb2 15. Qb3 Na4 16. Rfc1 g6 17. c4 Bh6 18. cxd5 O-O 19. Rab1 b5 20. Re1 Nc3 21. Ra1 Nfxd5 22. Ne4 Nxe4 23. Rxe4 e6 24. h4 Rc3 25. Qb2 Rfc8 26. Ng5 Rc2 27. Qb1 Qa4 28. Qe1 Qc4 29. Rxe6 Qxd4 30. Rd1 Qxd1 31. Re8+ Bf8 32. Qxd1 Rc1 33. Kh2 Rxd1 34. Rxc8 Nb6 35. Rb8 Rd5 36. Ne4 Kg7 37. Rb7 Nc8 38. Nc3 Rc5 39. Nxb5 a6 40. Nd4 Kf6 41. Nb3 Rd5 42. Rb8 Rd8 43. Ra8 Bb4 44. Rxa6+ Ke7 45. Rc6 Nd6 46. Nc5 Nf5 47. Be5 Bxc5 48. Rxc5 Rd2 49. a4 Rxf2 50. Kg1 Ra2 51. a5 Nxh4 52. Bc7 Rxg2+ 53. Kf1 Ra2 54. Rd5 Nf5 55. Rd3 h5 56. Ke1 h4 57. Kd1 g5 58. Kc1 g4 59. Kb1 Ra4 60. Kb2 g3 61. Rd1 Rc4 62. Bd8+ Ke6 63. Kb3 Rc8 64. Kb4 h3 65. Bb6 h2 66. Rh1 Rh8 67. a6 g2 68. Re1+ Kd7 69. Rd1+ Kc6 70. Bd8 Rxd8 71. Rxd8 g1=Q 72. a7 Qb6+ 73. Ka4 Qxd8 0-1

[Event "African Championship (W)"]
[Site "followchess.com"]
[Date "2021.05.25"]
[Round "7"]
[White "Ogbiyoyo, Perpetual Eloho"]
[Black "Shriyan santosh Priyasha"]
[Result "0-1"]
[WhiteElo "1880"]
[BlackElo "1285"]
[ECO "B06"]
[WhiteFed "NGR"]
[BlackFed "MAW"]
[FCGameId "346825600"]
[WhiteFideId "8509050"]
[BlackFideId "20505353"]
[TimeControl "7200+30"]

1. e4 g6 2. f4 Bg7 3. Nf3 d6 4. Bc4 e6 5. Nc3 a6 6. a4 b6 7. O-O Ne7 8. d3 O-O 9. Qe1 Bb7 10. Qh4 d5 11. Bb3 Nd7 12. f5 exf5 13. Bh6 Nc5 14. Ng5 f6 15. Bxg7 fxg5 16. Qh6 Rf7 17. Be5 Nxb3 18. cxb3 Nc6 19. Bg3 f4 20. Nxd5 Nd4 21. Nc3 Nxb3 22. Rad1 Nd4 23. h4 Nc2 24. Bf2 gxh4 25. Bxh4 Qf8 26. Qxf8+ Raxf8 27. Rd2 Ne3 28. Re1 Re8 29. g3 Ng4 30. gxf4 Rxf4 31. Bg3 Rf7 32. d4 Nf6 33. d5 Rd7 34. Kh2 Ng4+ 35. Kh3 Ne5 36. Rf1 Nc4 37. Rdf2 Ne3 38. Re1 Nc4 39. b3 Na5 40. Rb2 Kg7 41. Kg4 h5+ 42. Kg5 Rf8 43. Re3 Re8 44. Bf4 Kh7 45. Ne2 Rde7 46. Nc3 Rd7 47. Nb1 Rf8 48. Rc2 Bxd5 49. Rxc7 Bc6 50. Rxd7+ Bxd7 51. Bc7 Be6 52. Nd2 Nc6 53. Bxb6 Ne5 54. Bc5 Rf2 55. Nb1 Rg2+ 56. Kf6 Ng4+ 57. Kxe6 Nxe3 58. Bxe3 Re2 59. Bc5 Rxe4+ 60. Kd5 Rf4 61. Be3 Rb4 62. Nd2 h4 63. Kc5 Rg4 64. Nf1 h3 65. Nh2 Rg2 66. Bf4 g5 67. Bd6 g4 68. Nxg4 Rxg4 69. b4 Kg8 70. a5 Kf7 71. Kb6 Rg6 0-1

[Event "African Championship (W)"]
[Site "followchess.com"]
[Date "2021.05.25"]
[Round "7"]
[White "Marape, Naledi"]
[Black "Marochkina, Nadezhda Valerevna"]
[Result "0-1"]
[WhiteElo "1717"]
[BlackElo "1639"]
[ECO "B13"]
[WhiteFed "BOT"]
[BlackFed "SEN"]
[FCGameId "-1561501582"]
[WhiteFideId "11310880"]
[BlackFideId "19900490"]
[TimeControl "7200+30"]

1. e4 c6 2. d4 d5 3. exd5 cxd5 4. c3 e6 5. Nf3 Nf6 6. Bd3 Bd6 7. O-O O-O 8. Bg5 Nbd7 9. Re1 h6 10. Bc1 a6 11. Nbd2 b5 12. Ne5 Bb7 13. Ndf3 Ne4 14. Nxd7 Qxd7 15. Ne5 Qd8 16. Re3 Bxe5 17. dxe5 d4 18. Rxe4 Bxe4 19. Bxe4 dxc3 20. Qe2 cxb2 21. Bxb2 Rb8 22. g3 Qa5 23. Qe1 Qxe1+ 24. Rxe1 Rfd8 25. Kf1 b4 26. Ke2 b3 27. a3 a5 28. Rd1 Rdc8 29. Rd4 Rc5 30. f4 g6 31. Kd2 Rbc8 32. Ke3 h5 33. Rd2 Rc4 34. Bb1 Rb8 35. Rd3 Rc7 36. Rc3 Ra7 37. Rc5 Rd8 38. Bd3 Rad7 39. Rc3 a4 40. h3 Kg7 41. Be4 Rd2 42. Bc1 Ra2 43. Bb1 Ra1 44. Bd3 Rb8 45. Rc4 b2 46. Bxb2 Rxb2 47. Rxa4 Rb3 48. Rd4 Rbxa3 49. Rd6 R3a2 50. Be2 Rb2 51. Rd2 Ra3+ 52. Rd3 Raa2 53. Bf3 Rh2 54. g4 h4 55. f5 gxf5 56. gxf5 exf5 57. Kf4 Rxh3 58. Kxf5 Rg3 59. Kf4 Ra4+ 60. Ke3 Rg5 61. Rd5 h3 62. Kf2 Rf4 63. Ke3 Rff5 64. Kf2 h2 65. Rd1 Rxf3+ 66. Kxf3 Rg1 0-1

[Event "African Championship (W)"]
[Site "followchess.com"]
[Date "2021.05.25"]
[Round "7"]
[White "Wafa, Shahenda"]
[Black "Mongeli, Sasha"]
[Result "1-0"]
[WhiteElo "2145"]
[BlackElo "1553"]
[ECO "B17"]
[WhiteFed "EGY"]
[BlackFed "KEN"]
[FCGameId "1014556116"]
[WhiteFideId "10609962"]
[BlackFideId "10809090"]
[TimeControl "7200+30"]

1. e4 c6 2. d4 d5 3. Nc3 dxe4 4. Nxe4 Nd7 5. Ng5 Ngf6 6. Bd3 e6 7. N1f3 h6 8. Ne4 Nxe4 9. Bxe4 Nf6 10. Bd3 c5 11. O-O cxd4 12. Nxd4 Bc5 13. Nb3 Bb6 14. Qf3 Nd7 15. Be4 Ne5 16. Qe2 Qf6 17. Bd2 Nd7 18. Bc3 e5 19. Bb4 Bd8 20. Rad1 Be7 21. Bc3 O-O 22. Na5 Nc5 23. Bxe5 Qh4 24. Bf3 Qa4 25. Bc3 Bg5 26. Rfe1 Qxa2 27. Qe5 Ne6 28. Ra1 1-0

[Event "African Championship (W)"]
[Site "followchess.com"]
[Date "2021.05.24"]
[Round "6"]
[White "Charinda, Kudzanayi"]
[Black "Nassr, Lina"]
[Result "1/2-1/2"]
[WhiteElo "1702"]
[BlackElo "1960"]
[ECO "B41"]
[WhiteFed "ZIM"]
[BlackFed "ALG"]
[FCGameId "-1768352607"]
[WhiteFideId "11000538"]
[BlackFideId "7908075"]
[TimeControl "7200+30"]

1. e4 c5 2. Nf3 e6 3. d4 cxd4 4. Nxd4 a6 5. g3 Nf6 6. Bg2 d6 7. Nc3 Be7 8. O-O O-O 9. Be3 Qc7 10. Re1 Nc6 11. Nxc6 bxc6 12. Na4 Rb8 13. b3 Bd7 14. c4 c5 15. Nc3 Bc6 16. h3 Nd7 17. Qc2 Bf6 18. Rad1 Rfd8 19. Rd2 Rb4 20. Red1 Nf8 21. f4 Rbb8 22. g4 h6 23. Ne2 a5 24. Ng3 Bh4 25. Ne2 a4 26. Nc1 Be7 27. Nd3 axb3 28. axb3 Qb7 29. Nc1 Ng6 30. Re2 Nh4 31. Bh1 f5 32. Bf2 Ng6 33. Bg3 Bh4 34. Kh2 Qe7 35. Qc3 fxg4 36. hxg4 Rbc8 37. f5 exf5 38. exf5 Bxg3+ 39. Qxg3 Ne5 40. Bxc6 Rxc6 41. Nd3 Qg5 42. Nxe5 dxe5 43. Rxd8+ Qxd8 44. Qxe5 Qh4+ 45. Kg1 Qxg4+ 46. Rg2 Qd1+ 47. Kh2 Qh5+ 48. Kg1 Qd1+ 49. Kh2 Qh5+ 50. Kg1 Qd1+ 1/2-1/2

[Event "African Championship (W)"]
[Site "followchess.com"]
[Date "2021.05.24"]
[Round "6"]
[White "Mwango , Lorita"]
[Black "Ogbiyoyo, Perpetual Eloho"]
[Result "1-0"]
[WhiteElo "1912"]
[BlackElo "1880"]
[ECO "A45"]
[WhiteFed "ZAM"]
[BlackFed "NGR"]
[FCGameId "1246711912"]
[WhiteFideId "8700478"]
[BlackFideId "8509050"]
[TimeControl "7200+30"]

1. d4 Nf6 2. Bf4 c5 3. dxc5 Na6 4. Nf3 Nxc5 5. c3 e6 6. e3 Qb6 7. Qc2 d5 8. Nbd2 Be7 9. Be2 O-O 10. h3 Bd7 11. O-O Rac8 12. Bh2 Ba4 13. Qb1 Nce4 14. Nxe4 Nxe4 15. Bd3 f5 16. Be5 Bf6 17. Qc1 Ng5 18. Nxg5 Bxe5 19. Nf3 Bb8 20. Nd4 f4 21. e4 Qd6 22. Nf3 d4 23. e5 Qd7 24. Nxd4 Bxe5 25. Nf3 Bb8 26. Be4 Rcd8 27. Re1 e5 28. b3 Bb5 29. c4 Ba6 30. Qc2 g6 31. Bd5+ Kg7 32. Nxe5 Bxe5 33. Rxe5 Qc7 34. Rae1 Rd7 35. Qc3 Kh6 36. Qf3 Qd8 37. Qg4 b6 38. h4 Bc8 39. Qg5+ Qxg5 40. hxg5+ Kg7 41. Re7+ Kh8 42. f3 Rfd8 43. Re8+ Kg7 44. R1e7+ Rxe7 45. Rxe7+ 1-0

[Event "African Championship (W)"]
[Site "followchess.com"]
[Date "2021.05.24"]
[Round "6"]
[White "February, Jesse Nikki"]
[Black "Wafa, Shahenda"]
[Result "1-0"]
[WhiteElo "1824"]
[BlackElo "2145"]
[ECO "B32"]
[WhiteFed "RSA"]
[BlackFed "EGY"]
[FCGameId "1505393971"]
[WhiteFideId "14312336"]
[BlackFideId "10609962"]
[TimeControl "7200+30"]

1. e4 c5 2. Nf3 Nc6 3. d4 cxd4 4. Nxd4 e5 5. Nb5 d6 6. N1c3 a6 7. Na3 Be7 8. Nd5 Nf6 9. Nxf6+ Bxf6 10. Nc4 Be7 11. Be3 b5 12. Nb6 Rb8 13. Nxc8 Qxc8 14. c3 O-O 15. Bd3 Na5 16. O-O Nc4 17. Bc1 Rd8 18. a4 g6 19. axb5 axb5 20. Ra7 Rb7 21. Rxb7 Qxb7 22. b3 Na5 23. b4 Nc6 24. Qe2 d5 25. exd5 Rxd5 26. Be4 Rd6 27. Bh6 f5 28. Qa2+ Kh8 29. Qf7 1-0